Description

pvt

Replay - HeroMarine v OGZest: Game 3 - 아크로폴리스 - 래더

Build Order

Get SALT Encoding   

  12  0:00  Probe  
  13  0:12  Probe  
  14  0:17  Pylon  
  14  0:24  Probe  
  15  0:32  Probe  
  15  0:36  Gateway  
  15  0:40  Probe  
  16  0:47  Assimilator  
  17  0:51  Probe  
  18  1:03  Probe  
  19  1:15  Probe  
  20  1:23  Cybernetics Core  
  20  1:31  Nexus  
  20  1:35  Probe  
  21  1:42  Pylon  
  21  1:47  Probe  
  21  1:50  Adept, Assimilator  
  25  2:03  Warp Gate  
  26  2:20  Sentry  
  30  2:43  Oracle  
  32  2:44  Twilight Council  
  32  2:46  Stalker  
  36  3:02  Gateway  
  39  3:14  Blink  
  40  3:21  Stalker  
  43  3:28  Pylon  
  45  3:37  Assimilator  
  46  3:45  Robotics Facility  
  48  4:00  Nexus  
  49  4:08  Sentry  
  52  4:11  Pylon  
  52  4:14  Forge  
  54  4:18  Pylon  
  54  4:20  Phoenix  
  54  4:25  Observer  
  56  4:36  Stalker x2  
  62  4:38  Protoss Ground Armor Level 1  
  62  4:43  Observer  
  65  4:54  Warp Prism  
  68  5:11  Nexus  
  68  5:14  Forge  
  72  5:27  Charge  
  73  5:35  Gateway x2  
  76  5:39  Immortal  
  76  5:41  Protoss Ground Weapons Level 1  
  82  5:44  Gateway  
  83  5:50  Gateway x2  
Spawning Tool Build Advisor. Get it on Overwolf

Go to:

Details

  • Created by: TT
  • Published on: Jul 10, 2019
  • Modified on: Jul 10, 2019
  • Patch: 4.7.1
Show
View Real Time Build Order
Export as new Build Order

Comments (0)

There are no comments. Be the first!

Create an account to comment!